| TOP OF THE 1ST |
|
Round Rock Express batting - Pitching for Pawtucket Red Sox : RHP Frank Picaso
|
|
Pitching: RHP Frank Picaso
|
|
|
Batting: RHB Mike Quackenbush
|
0-0: Ball 1-0: Called Strike 1-1: Ball 2-1: Foul Ball, location: 2F 2-2: Ball 3-2: Strikes out swinging
|
|
Batting: RHB Chris Torlak
|
0-0: Swinging Strike 0-1: Called Strike 0-2: Ground out 4-3 (Groundball, 4, EV 80.6 MPH)
|
|
Batting: LHB Zion Davidson
|
0-0: Ball 1-0: Ground out U3 (Groundball, 3L, EV 81.9 MPH)
|
| Top of the 1st over - 0 runs, 0 hits, 0 errors, 0 left on base; Round Rock 0 - Pawtucket 0 |
| BOTTOM OF THE 1ST |
|
Pawtucket Red Sox batting - Pitching for Round Rock Express : RHP Prince Gibson
|
|
Pitching: RHP Prince Gibson
|
|
|
Batting: SHB Ben Ervin
|
0-0: Called Strike 0-1: SINGLE (Groundball, 56D, EV 99.4 MPH)
|
|
Batting: RHB Brandon Perris
|
0-0: Grounds into double play, 5-4-3 (Groundball, 56, EV 78.8 MPH)
|
|
Batting: RHB Roberto Morales
|
0-0: SINGLE (Groundball, 6MS, EV 90.6 MPH) (infield hit)
|
|
Batting: LHB Frank Olivo
|
0-0: Ball 1-0: Called Strike Roberto Morales is caught stealing 2nd base 2-6
|
| Bottom of the 1st over - 0 runs, 2 hits, 0 errors, 0 left on base; Round Rock 0 - Pawtucket 0 |
| TOP OF THE 2ND |
|
Round Rock Express batting - Pitching for Pawtucket Red Sox : RHP Frank Picaso
|
|
Batting: RHB Jorge Benites
|
0-0: Foul Ball, location: 2F 0-1: Called Strike 0-2: Ball 1-2: Ball 2-2: Foul Ball, location: 2F 2-2: Ball 3-2: Reached on error, E5 (Groundball, 56, EV 103.8 MPH)
|
|
Batting: RHB Trevor Mock
|
0-0: Called Strike 0-1: Fly out, F9 (Flyball, 89M, EV 95.0 MPH)
|
|
Batting: RHB Ivan Colon
|
0-0: Ball 1-0: Called Strike 1-1: Foul Ball, location: 2F 1-2: Ball 2-2: Strikes out swinging
|
|
Batting: RHB Adryão Anto
|
0-0: Called Strike 0-1: Fly out, F4 (Popup, 4S, EV 66.2 MPH)
|
| Top of the 2nd over - 0 runs, 0 hits, 1 error, 1 left on base; Round Rock 0 - Pawtucket 0 |
| BOTTOM OF THE 2ND |
|
Pawtucket Red Sox batting - Pitching for Round Rock Express : RHP Prince Gibson
|
|
Batting: LHB Frank Olivo
|
0-0: Called Strike 0-1: Called Strike 0-2: Ball 1-2: Foul Ball, location: 2F 1-2: Strikes out swinging
|
|
Batting: RHB John Chiesa
|
0-0: Swinging Strike 0-1: Swinging Strike 0-2: Ball 1-2: Ground out 5-3 (Groundball, 5L, EV 77.5 MPH)
|
|
Batting: RHB Carlos Nolasco
|
0-0: Ball 1-0: Swinging Strike 1-1: Foul Ball, location: 2F 1-2: Foul Ball, location: 2F 1-2: Ball 2-2: Strikes out swinging
|
| Bottom of the 2nd over - 0 runs, 0 hits, 0 errors, 0 left on base; Round Rock 0 - Pawtucket 0 |
| TOP OF THE 3RD |
|
Round Rock Express batting - Pitching for Pawtucket Red Sox : RHP Frank Picaso
|
|
Batting: RHB C.J. Sagle
|
0-0: Ball 1-0: Ground out 5-3 (Groundball, 56S, EV 75.0 MPH)
|
|
Batting: RHB Carlos Lopez
|
0-0: Ball 1-0: Swinging Strike 1-1: Ball 2-1: Ball 3-1: Swinging Strike 3-2: Strikes out swinging
|
|
Batting: RHB Mike Quackenbush
|
0-0: SINGLE (Groundball, 6MD, EV 95.6 MPH)
|
|
Batting: RHB Chris Torlak
|
0-0: Ball 1-0: Fielders Choice at 2nd, 6-4 (Groundball, 6, EV 86.2 MPH)
|
| Top of the 3rd over - 0 runs, 1 hit, 0 errors, 1 left on base; Round Rock 0 - Pawtucket 0 |
| BOTTOM OF THE 3RD |
|
Pawtucket Red Sox batting - Pitching for Round Rock Express : RHP Prince Gibson
|
|
Batting: LHB Julian Toney
|
0-0: Fly out, F6 (Popup, 56, EV 54.4 MPH)
|
|
Batting: RHB Sal Rivera
|
0-0: Foul Ball, location: 2F 0-1: Ball 1-1: Foul Ball, location: 2F 1-2: Ball 2-2: Strikes out swinging
|
|
Batting: RHB Joe Evrard
|
0-0: DOUBLE (Line Drive, 78D, EV 100.6 MPH)
|
|
Batting: SHB Ben Ervin
|
0-0: Foul Ball, location: 2F 0-1: Swinging Strike 0-2: Ball 1-2: Fly out, F8 (Flyball, 8LXD, EV 100.6 MPH)
|
| Bottom of the 3rd over - 0 runs, 1 hit, 0 errors, 1 left on base; Round Rock 0 - Pawtucket 0 |
| TOP OF THE 4TH |
|
Round Rock Express batting - Pitching for Pawtucket Red Sox : RHP Frank Picaso
|
|
Batting: LHB Zion Davidson
|
0-0: Called Strike 0-1: Ball 1-1: Ball 2-1: Called Strike 2-2: Foul Ball, location: 2F 2-2: Ground out 1-3 (Groundball, 13S, EV 75.0 MPH)
|
|
Batting: RHB Jorge Benites
|
0-0: Ground out 5-3 (Groundball, 56, EV 85.6 MPH)
|
|
Batting: RHB Trevor Mock
|
0-0: Called Strike 0-1: Ball 1-1: Called Strike 1-2: DOUBLE (Line Drive, 7LM, EV 107.5 MPH)
|
|
Batting: RHB Ivan Colon
|
0-0: Foul Ball, location: 2F 0-1: Swinging Strike 0-2: Ball 1-2: Foul Ball, location: 2F 1-2: Ground out 4-3 (Groundball, 4, EV 81.9 MPH)
|
| Top of the 4th over - 0 runs, 1 hit, 0 errors, 1 left on base; Round Rock 0 - Pawtucket 0 |
| BOTTOM OF THE 4TH |
|
Pawtucket Red Sox batting - Pitching for Round Rock Express : RHP Prince Gibson
|
|
Batting: RHB Brandon Perris
|
0-0: Ball 1-0: Ball 2-0: Fly out, F8 (Flyball, 8RM, EV 93.8 MPH)
|
|
Batting: RHB Roberto Morales
|
0-0: Ball 1-0: Ball 2-0: Ball 3-0: Base on Balls
|
|
Batting: LHB Frank Olivo
|
0-0: Ball 1-0: Foul Ball, location: 2F 1-1: Grounds out, U3 (Groundball, 3L, EV 85.6 MPH)
|
|
Batting: RHB John Chiesa
|
0-0: Ball 1-0: Ball 2-0: Swinging Strike 2-1: Foul Ball, location: 2F 2-2: SINGLE (Line Drive, 6D, EV 95.6 MPH) Roberto Morales to third Runner from 3rd tries for Home, SAFE, throw by LF to home
|
|
Batting: RHB Carlos Nolasco
|
0-0: SINGLE (Groundball, 34D, EV 108.1 MPH) John Chiesa to second Runner from 2nd tries for 3rd, SAFE, throw by RF made to third
|
|
Batting: LHB Julian Toney
|
0-0: Ball 1-0: Ball 2-0: Foul Ball, location: 2F 2-1: Swinging Strike 2-2: Ball 3-2: Strikes out swinging
|
| Bottom of the 4th over - 1 run, 2 hits, 0 errors, 2 left on base; Round Rock 0 - Pawtucket 1 |
| TOP OF THE 5TH |
|
Round Rock Express batting - Pitching for Pawtucket Red Sox : RHP Frank Picaso
|
|
Batting: RHB Adryão Anto
|
0-0: Foul Ball, location: 2F 0-1: Swinging Strike 0-2: Foul Ball, location: 2F 0-2: Ball 1-2: Foul Ball, location: 2F 1-2: Ball 2-2: Ball 3-2: Strikes out swinging
|
|
Batting: RHB C.J. Sagle
|
0-0: Ball 1-0: Ball 2-0: Ground out 5-3 (Groundball, 5S, EV 63.1 MPH)
|
|
Batting: RHB Carlos Lopez
|
0-0: Ball 1-0: Swinging Strike 1-1: Foul Ball, location: 2F 1-2: Ball 2-2: Foul Ball, location: 2F 2-2: Foul Ball, location: 2F 2-2: Ball 3-2: Base on Balls
|
|
Batting: RHB Mike Quackenbush
|
0-0: Called Strike 0-1: Swinging Strike 0-2: Strikes out swinging
|
| Top of the 5th over - 0 runs, 0 hits, 0 errors, 1 left on base; Round Rock 0 - Pawtucket 1 |
| BOTTOM OF THE 5TH |
|
Pawtucket Red Sox batting - Pitching for Round Rock Express : RHP Prince Gibson
|
|
Batting: RHB Sal Rivera
|
0-0: SOLO HOME RUN (Flyball, 78XD, EV 99.4 MPH), Distance : 395 ft
|
|
Batting: RHB Joe Evrard
|
0-0: Ball 1-0: SINGLE (Groundball, 6, EV 96.2 MPH)
|
|
Batting: SHB Ben Ervin
|
0-0: Ball 1-0: Ball 2-0: Ball 3-0: Foul Ball, location: 2F 3-1: Foul Ball, location: 2F 3-2: Fielders Choice at 2nd, 4-6 (Groundball, 4, EV 103.1 MPH)
|
|
Batting: RHB Brandon Perris
|
0-0: Ball 1-0: Foul Ball, location: 2F 1-1: Grounds into double play, U6-3 (Groundball, P, EV 81.9 MPH)
|
| Bottom of the 5th over - 1 run, 2 hits, 0 errors, 0 left on base; Round Rock 0 - Pawtucket 2 |
| TOP OF THE 6TH |
|
Round Rock Express batting - Pitching for Pawtucket Red Sox : RHP Frank Picaso
|
|
Batting: RHB Chris Torlak
|
0-0: Fly out, F7 (Line Drive, 7, EV 90.6 MPH)
|
|
Batting: LHB Zion Davidson
|
0-0: Ball 1-0: Ball 2-0: Ball 3-0: Called Strike 3-1: Base on Balls
|
|
Batting: RHB Jorge Benites
|
0-0: Ball 1-0: Ball 2-0: Ball 3-0: Called Strike 3-1: Base on Balls Zion Davidson to second
|
|
Batting: RHB Trevor Mock
|
0-0: Foul Ball, location: 2F 0-1: Swinging Strike 0-2: Ball 1-2: SINGLE (Line Drive, 8RS, EV 92.5 MPH) Zion Davidson to third Jorge Benites to second
|
|
Batting: RHB Ivan Colon
|
0-0: SINGLE (Line Drive, 9S, EV 110.0 MPH) Zion Davidson scores Jorge Benites to third Trevor Mock to second
|
|
Batting: RHB Adryão Anto
|
0-0: Ball 1-0: Ball 2-0: Ball 3-0: Called Strike 3-1: Grounds into fielders choice 4-2 (Groundball, 4S, EV 92.5 MPH) Trevor Mock to third Ivan Colon to second
|
|
Batting: RHB C.J. Sagle
|
0-0: Ball 1-0: Called Strike 1-1: Fly out, F9 (Line Drive, 9S, EV 96.2 MPH)
|
| Top of the 6th over - 1 run, 2 hits, 0 errors, 3 left on base; Round Rock 1 - Pawtucket 2 |
| BOTTOM OF THE 6TH |
|
Pawtucket Red Sox batting - Pitching for Round Rock Express : RHP Prince Gibson
|
|
Batting: RHB Roberto Morales
|
0-0: Ground out 6-3 (Groundball, 6, EV 105.0 MPH)
|
|
Batting: LHB Frank Olivo
|
0-0: Ball 1-0: Called Strike 1-1: Ground out 6-3 (Groundball, 6, EV 78.1 MPH)
|
|
Batting: RHB John Chiesa
|
0-0: Called Strike 0-1: Called Strike 0-2: Ball 1-2: Ball 2-2: Foul Ball, location: 2F 2-2: Foul Ball, location: 2F 2-2: Fly out, F9 (Flyball, 89S, EV 94.4 MPH)
|
| Bottom of the 6th over - 0 runs, 0 hits, 0 errors, 0 left on base; Round Rock 1 - Pawtucket 2 |
| TOP OF THE 7TH |
|
Round Rock Express batting - Pitching for Pawtucket Red Sox : RHP Frank Picaso
|
|
Pitching: LHP Ken Intagliata
|
|
|
Batting: RHB Carlos Lopez
|
0-0: Ball 1-0: Ball 2-0: Swinging Strike 2-1: Ball 3-1: Ground out 5-3 (Groundball, 56, EV 98.1 MPH)
|
|
Batting: RHB Mike Quackenbush
|
0-0: Swinging Strike 0-1: Ball 1-1: Ball 2-1: Swinging Strike 2-2: Foul Ball, location: 2F 2-2: Ball 3-2: Base on Balls
|
|
Batting: RHB Chris Torlak
|
0-0: Called Strike Mike Quackenbush steals 2nd base 0-1: Called Strike 0-2: Strikes out swinging
|
|
Pinch Hitting: RHB Martin Guerrero
|
0-0: Ball 1-0: Foul Ball, location: 2F 1-1: Called Strike 1-2: Foul Ball, location: 2F 1-2: Fly out, F4 (Popup, 3S, EV 82.5 MPH)
|
| Top of the 7th over - 0 runs, 0 hits, 0 errors, 1 left on base; Round Rock 1 - Pawtucket 2 |
| BOTTOM OF THE 7TH |
|
Pawtucket Red Sox batting - Pitching for Round Rock Express : RHP Prince Gibson
|
|
Now in LF: Martin Guerrero
|
|
|
Batting: RHB Carlos Nolasco
|
0-0: Ball 1-0: Swinging Strike 1-1: Swinging Strike 1-2: Strikes out swinging
|
|
Batting: LHB Julian Toney
|
0-0: Ball 1-0: Called Strike 1-1: Swinging Strike 1-2: Strikes out swinging
|
|
Batting: RHB Sal Rivera
|
0-0: Ground out 4-3 (Groundball, 4M, EV 80.0 MPH)
|
| Bottom of the 7th over - 0 runs, 0 hits, 0 errors, 0 left on base; Round Rock 1 - Pawtucket 2 |
| TOP OF THE 8TH |
|
Round Rock Express batting - Pitching for Pawtucket Red Sox : LHP Ken Intagliata
|
|
Batting: RHB Jorge Benites
|
0-0: Ball 1-0: Called Strike 1-1: Ball 2-1: Ball 3-1: Base on Balls
|
|
Pitching: RHP Billy Fitzgerald
|
|
|
Pinch Hitting: LHB Josh Stuck
|
0-0: Called Strike 0-1: Ball 1-1: SINGLE (Groundball, 34S, EV 68.8 MPH) (infield hit) Jorge Benites to second
|
|
Batting: RHB Ivan Colon
|
0-0: Bunt - Flyout to 25! F5
|
|
Batting: RHB Adryão Anto
|
0-0: Called Strike 0-1: Swinging Strike 0-2: Ball 1-2: Strikes out looking
|
|
Batting: RHB C.J. Sagle
|
0-0: Foul Ball, location: 2F 0-1: Ball 1-1: Foul Ball, location: 2F 1-2: Fly out, F4 (Popup, 3S, EV 83.1 MPH)
|
| Top of the 8th over - 0 runs, 1 hit, 0 errors, 2 left on base; Round Rock 1 - Pawtucket 2 |
| BOTTOM OF THE 8TH |
|
Pawtucket Red Sox batting - Pitching for Round Rock Express : RHP Prince Gibson
|
|
Now in LF: Josh Stuck
|
|
|
Now in CF: Martin Guerrero
|
|
|
Batting: RHB Joe Evrard
|
0-0: Called Strike 0-1: Ball 1-1: Ball 2-1: Foul Ball, location: 2F 2-2: Ball 3-2: Strikes out looking
|
|
Batting: SHB Ben Ervin
|
0-0: Ball 1-0: Ball 2-0: Called Strike 2-1: Ball 3-1: Base on Balls
|
|
Batting: RHB Brandon Perris
|
0-0: Swinging Strike 0-1: Grounds into double play, 4-6-3 (Groundball, 4, EV 85.6 MPH)
|
| Bottom of the 8th over - 0 runs, 0 hits, 0 errors, 0 left on base; Round Rock 1 - Pawtucket 2 |
| TOP OF THE 9TH |
|
Round Rock Express batting - Pitching for Pawtucket Red Sox : RHP Billy Fitzgerald
|
|
Pitching: RHP Jim Whiteman
|
|
|
Pinch Hitting: LHB Jody Hudson
|
0-0: Ball 1-0: Called Strike 1-1: SINGLE (Groundball, 4MS, EV 66.9 MPH) (infield hit)
|
|
Batting: RHB Mike Quackenbush
|
0-0: Ball 1-0: Fly out, F8 (Flyball, 8LXD, EV 95.6 MPH) Runner from 1st tags up, SAFE at 2nd
|
|
Batting: RHB Chris Torlak
|
0-0: Fly out, F7 (Line Drive, 7S, EV 96.2 MPH)
|
|
Batting: RHB Martin Guerrero
|
0-0: Called Strike 0-1: Ball 1-1: Ball 2-1: Ball 3-1: Foul Ball, location: 2F 3-2: Foul Ball, location: 2F 3-2: Base on Balls
|
|
Batting: RHB Jorge Benites
|
0-0: Ball 1-0: Ground out U3 (Groundball, 3S, EV 88.1 MPH)
|
| Top of the 9th over - 0 runs, 1 hit, 0 errors, 2 left on base; Round Rock 1 - Pawtucket 2 |
|